 Dungeon Sprint DCSS version 0.21.1-1-g345015f (webtiles) character file.

10300000 Fang the Axe Maniac (level 27, -76/268 (273) HPs)
             Began as a Minotaur Gladiator on May 26, 2018.
             Was the Champion of Makhleb.
             Killed from afar by a wretched soul (100 damage)
             ... with a bolt of negative energy
             ... in the Dungeon (Sprint VIII: "Arena of Blood") on May 27, 2018.
             The game lasted 00:03:10 (103 turns).

Fang the Axe Maniac (Minotaur Gladiator)             Turns: 103, Time: 00:03:10

HP:   -76/268 (273) AC:  6    Str: 30    XL:     27
MP:   35/53         EV: 30    Int:  5    God:    Makhleb [******]
Gold: 0             SH:  0    Dex: 14    Spells: 80/80 levels left

rFire    . . .     SeeInvis .   l - +∞ Axe of Woe
rCold    . . .     Gourm    .   (shield currently unavailable)
rNeg     . . .     Faith    .   b - +0 leather armour
rPois    .         Spirit   .   c - +0 hat
rElec    .         Reflect  .   (no cloak)
rCorr    .         Harm     .   (no gloves)
MR       ++...     NoTele   +   (no boots)
Stlth    +++++++++.             (no amulet)
HPRegen  0.00/turn              (no ring)
MPRegen  0.33/turn              (no ring)

@: non-regenerating, mildly diseased, drained
A: retaliatory headbutt, horns 2
a: Minor Destruction, Lesser Servant of Makhleb, Major Destruction, Greater
Servant of Makhleb, Renounce Religion


You were in the Dungeon.
You worshipped Makhleb.
Makhleb was exalted by your worship.
You were not hungry.

You visited 1 branch

Inventory:

Hand Weapons
 a - a +0 war axe
 l - the +∞ Axe of Woe (weapon)
   (You found it in the Dungeon)
Missiles
 d - 3 throwing nets (quivered)
Armour
 b - a +0 leather armour (worn)
 c - a +0 hat (worn)
Scrolls
 k - a scroll of blinking
Potions
 e - a potion of curing
 g - a potion of heal wounds
 h - a potion of haste
 i - 2 potions of magic
 j - a potion of berserk rage
Comestibles
 f - a ration


   Skills:
 O Level 27(25.5) Fighting
 O Level 27(25.5) Long Blades
 O Level 27(25.5) Axes
 O Level 27(25.5) Polearms
 O Level 27(25.5) Throwing
 O Level 27(25.5) Armour
 O Level 27(25.5) Dodging
 O Level 27(25.5) Stealth
 O Level 27(25.5) Shields
 O Level 27(25.5) Unarmed Combat
 O Level 27(25.5) Spellcasting
 O Level 27(25.5) Invocations


You had 80 spell levels left.
You didn't know any spells.

Dungeon Overview and Level Annotations

Branches:
Dungeon (1/1)

Altars:
Makhleb


Innate Abilities, Weirdness & Mutations

You reflexively headbutt those who attack you in melee.
You have a pair of horns on your head.


Message History

You dissect the bag of meat like a pig carcass.
You kill the bag of meat!
Makhleb accepts your kill.
You feel better.
You hear a shout! x2; You feel something staring at you.
Something smites you!
You hear a shout! x2
The eight-headed meat hydra calls on the powers of darkness!
The eight-headed meat hydra convulses!
The bag of meat convulses!
Your body is wracked with pain!
* * * LOW HITPOINT WARNING * * *
The meat berserker convulses!
The reaper hits you from afar with a scythe of flaming!!
* * * LOW HITPOINT WARNING * * *
The reaper burns you!
* * * LOW HITPOINT WARNING * * *
You hear a shout! x3
A bolt of negative energy appears from out of thin air!
The bolt of negative energy hits you!
You feel drained.
You die...

####.....##.##.
................
#..........#.#..
#...........D...
#.o............
..#...){........
.......)))2.M....
.......)))...%...
o......#@.o....#
.#.....#.).....#
..%..###O......###.
......%)))###.O....
.#...))))._.%....
#.....)%#).)).#..
....%...#_)<._# .
#%...%.%#)))%.#..
..#......)._.......


You could see an accursed, a reaper, an eight-headed meat hydra, 2 meat
berserkers and 2 bags of meat.

Vanquished Creatures
  4 hell beasts (D)
  5 greater mummies (D)
  56 orcs (D)
  3 phantoms (D)
  6 skeletal warriors (D)
  Harold (D)
  4 large abominations (D)
  4 small abominations (D)
  8 crawling corpses (D)
  13 vampire knights (D)
  31 ogres (D)
  7 two-headed ogres (D)
  6 liches (D)
148 creatures vanquished.

Vanquished Creatures (others)
  3 crawling corpses (D)
3 creatures vanquished.

Grand Total: 151 creatures vanquished

Notes
Turn   | Place    | Note
-------+----------+-------------------------------------------
     0 | D        | Found the +∞ Axe of Woe
     0 | D        | Fang the Minotaur Gladiator began the quest for the Orb.
     0 | D        | Reached XP level 1. HP: 18/18 MP: 0/0
     3 | D        | Noticed a bag of meat
     3 | D        | Noticed a bag of meat
     4 | D        | Became a worshipper of Makhleb the Destroyer
     6 | D        | Noticed a bag of meat
     7 | D        | Noticed a meat berserker
     8 | D        | Noticed a bag of meat
     8 | D        | Noticed a meat berserker
    11 | D        | Killed a bag of meat
    11 | D        | Reached skill level 10 in Throwing
    11 | D        | Reached XP level 2. HP: 41/41 MP: 1/1
    11 | D        | Reached XP level 3. HP: 48/48 MP: 2/2
    11 | D        | Reached XP level 4. HP: 56/56 MP: 3/3
    11 | D        | Reached XP level 5. HP: 62/62 MP: 4/4
    11 | D        | Reached XP level 6. HP: 70/70 MP: 5/5
    11 | D        | Reached XP level 7. HP: 77/77 MP: 6/6
    11 | D        | Reached XP level 8. HP: 83/83 MP: 7/7
    11 | D        | Reached XP level 9. HP: 90/90 MP: 8/8
    11 | D        | Reached XP level 10. HP: 97/97 MP: 9/9
    11 | D        | Reached XP level 11. HP: 104/104 MP: 10/10
    12 | D        | Noticed a bag of meat
    12 | D        | Noticed a meat berserker
    12 | D        | Killed a meat berserker
    12 | D        | Reached * piety under Makhleb
    12 | D        | Reached skill level 5 in Armour
    12 | D        | Reached XP level 12. HP: 28/118 MP: 11/11
    12 | D        | Reached XP level 13. HP: 30/125 MP: 12/12
    12 | D        | Killed a bag of meat
    12 | D        | Reached skill level 15 in Fighting
    12 | D        | Reached skill level 27 in Axes
    12 | D        | Reached XP level 14. HP: 33/136 MP: 13/13
    12 | D        | Killed a meat berserker
    12 | D        | Reached skill level 27 in Dodging
    12 | D        | Reached XP level 15. HP: 37/152 MP: 14/14
    13 | D        | Reached ** piety under Makhleb
    13 | D        | Reached skill level 10 in Armour
    16 | D        | Killed a meat berserker
    16 | D        | Reached skill level 27 in Fighting
    16 | D        | Reached XP level 16. HP: 183/183 MP: 15/15
    17 | D        | Reached *** piety under Makhleb
    19 | D        | Noticed a meat berserker
    19 | D        | Noticed a meat berserker
    19 | D        | Reached XP level 17. HP: 191/191 MP: 16/16
    20 | D        | Noticed a meat berserker
    20 | D        | Noticed a meat berserker
    20 | D        | Reached skill level 27 in Throwing
    22 | D        | Reached **** piety under Makhleb
    23 | D        | Noticed a meat berserker
    23 | D        | Killed a meat berserker
    23 | D        | Reached skill level 27 in Armour
    23 | D        | Reached XP level 18. HP: 200/200 MP: 17/17
    24 | D        | Noticed a meat berserker
    25 | D        | Noticed a destroyer
    26 | D        | Killed a meat berserker
    26 | D        | Reached skill level 15 in Unarmed Combat
    26 | D        | Reached skill level 10 in Spellcasting
    27 | D        | Killed a meat berserker
    27 | D        | Reached skill level 15 in Stealth
    27 | D        | Reached XP level 19. HP: 207/207 MP: 17/34
    27 | D        | Killed a meat berserker
    27 | D        | Reached ***** piety under Makhleb
    28 | D        | Killed a destroyer
    29 | D        | Killed a meat berserker
    29 | D        | Reached XP level 20. HP: 216/216 MP: 17/40
    33 | D        | Noticed The Servant
    34 | D        | Noticed a large bag of meat
    34 | D        | Noticed a meat berserker
    34 | D        | Reached skill level 27 in Unarmed Combat
    36 | D        | Noticed a meat berserker
    36 | D        | Noticed a large bag of meat
    37 | D        | Noticed a destroyer
    38 | D        | Killed a meat berserker
    38 | D        | Reached ****** piety under Makhleb
    38 | D        | Reached skill level 27 in Stealth
    38 | D        | Reached XP level 21. HP: 149/224 MP: 19/43
    38 | D        | Reached skill level 27 in Invocations
    38 | D        | Killed The Servant
    38 | D        | Reached skill level 27 in Spellcasting
    38 | D        | Reached XP level 22. HP: 207/233 MP: 19/52
    39 | D        | Killed a large bag of meat
    39 | D        | Killed a large bag of meat
    40 | D        | Noticed a destroyer
    41 | D        | Noticed a large bag of meat
    41 | D        | Noticed a destroyer
    41 | D        | Reached XP level 23. HP: 240/240 MP: 20/53
    44 | D        | Killed a destroyer
    44 | D        | Reached XP level 24. HP: 249/249 MP: 21/53
    45 | D        | Noticed a large bag of meat
    45 | D        | Noticed a large bag of meat
    47 | D        | Noticed a large bag of meat
    47 | D        | Noticed a destroyer
    47 | D        | Noticed an accursed
    48 | D        | Noticed a tyrant
    48 | D        | Noticed a destroyer
    48 | D        | Reached XP level 25. HP: 257/257 MP: 21/53
    48 | D        | Killed a destroyer
    49 | D        | Killed a destroyer
    49 | D        | Reached XP level 26. HP: 266/266 MP: 22/53
    50 | D        | Noticed a destroyer
    51 | D        | Killed a destroyer
    52 | D        | Noticed a large bag of meat
    52 | D        | Noticed a tyrant
    53 | D        | Reached XP level 27. HP: 148/273 MP: 23/53
    53 | D        | Killed a large bag of meat
    53 | D        | Killed a large bag of meat
    53 | D        | Killed a tyrant
    54 | D        | Killed a destroyer
    55 | D        | Killed a large bag of meat
    55 | D        | Killed a large bag of meat
    56 | D        | Noticed a destroyer
    58 | D        | Noticed a destroyer
    58 | D        | Killed a tyrant
    58 | D        | Killed a destroyer
    59 | D        | Noticed a tyrant
    60 | D        | Noticed a tyrant
    60 | D        | Noticed a destroyer
    60 | D        | Killed a large bag of meat
    61 | D        | Noticed an accursed
    61 | D        | Killed an accursed
    64 | D        | Noticed an accursed
    64 | D        | Noticed a destroyer
    68 | D        | Noticed a meat beast
    68 | D        | Noticed a destroyer
    68 | D        | Killed a tyrant
    68 | D        | Killed a destroyer
    69 | D        | Noticed a destroyer
    69 | D        | Reached skill level 27 in Long Blades
    69 | D        | Reached skill level 27 in Polearms
    69 | D        | Reached skill level 27 in Shields
    69 | D        | Killed a destroyer
    69 | D        | Noticed a meat beast
    70 | D        | Noticed a tyrant
    70 | D        | Killed a destroyer
    71 | D        | Killed a destroyer
    72 | D        | Killed a meat beast
    73 | D        | Killed a meat beast
    74 | D        | Noticed a meat beast
    75 | D        | Killed an accursed
    76 | D        | Killed a destroyer
    77 | D        | Killed a meat beast
    78 | D        | Killed a destroyer
    80 | D        | Killed a tyrant
    80 | D        | Killed an accursed
    81 | D        | Noticed an accursed
    82 | D        | Killed a tyrant
    89 | D        | Killed an accursed
    90 | D        | Noticed a meat beast
    94 | D        | Noticed an accursed
    94 | D        | Killed a meat beast
    95 | D        | Noticed an accursed
    97 | D        | Noticed a tyrant
    97 | D        | Killed an accursed
   101 | D        | Killed a tyrant
   103 | D        | Killed from afar by a wretched soul

Skill      XL: |  1  2  3  4  5  6  7  8  9 10 11 12 13 14 15 16 17 18 19 20 21 22 23 24 25 26 27 |
---------------+----------------------------------------------------------------------------------+-----
Fighting       | 12 14 15 19 27 | 27.0
Axes           | 20 25 27 | 27.0
Throwing       | 10 12 13 16 22 26 27 | 27.0
Dodging        | 18 22 24 27 | 27.0
Armour         | 5 8 14 18 27 | 27.0
Stealth        | 15 21 27 | 27.0
Unarmed Combat | 18 24 27 | 27.0
Spellcasting   | 12 17 19 27 | 27.0
Invocations    | 16 23 26 27 | 27.0
Long Blades    | 27 | 27.0
Polearms       | 27 | 27.0
Shields        | 27 | 27.0

Action                   |  1- 3 |  4- 6 |  7- 9 | 10-12 | 13-15 | 16-18 | 19-21 | 22-24 | 25-27 || total
-------------------------+-------+-------+-------+-------+-------+-------+-------+-------+-------++-------
Melee: Executioner's axe |     1 |       |       |     1 |     3 |     7 |     6 |    10 |    45 ||    73
Dodge: Dodged            |       |       |       |     1 |     1 |       |     2 |       |     8 ||    12
